 Dungeon Crawl Stone Soup version 0.25-a0-937-gcfae464cf3 (webtiles) character file.

Game seed: 16457451883260180899, levelgen mode: deterministic

580 wullow the Shield-Bearer (level 7, -9/55 HPs)
             Began as a Demonspawn Fighter on May 4, 2020.
             Was an Initiate of Okawaru.
             Mangled by an ogre
             ... wielding a +0 giant club
              (24 damage)
             ... on level 5 of the Dungeon.
             The game lasted 00:08:48 (3243 turns).

wullow the Shield-Bearer (Demonspawn Fighter)       Turns: 3243, Time: 00:08:49

Health: -9/55      AC:  7    Str: 18    XL:     7   Next: 13%
Magic:  7/7        EV:  7    Int:  9    God:    Okawaru [......]
Gold:   216        SH: 11    Dex: 13    Spells: 6/6 levels left

rFire    + . .     SeeInvis .   a - +1 rapier
rCold    . . .     Gourm    .   c - +1 kite shield
rNeg     . . .     Faith    .   b - +0 scale mail
rPois    .         Spirit   .   (no helmet)
rElec    .         Reflect  .   (no cloak)
rCorr    .         Harm     .   (no gloves)
MR       .....                  p - +0 pair of boots
Stlth    ..........             w - amulet of regeneration
HPRegen  0.58/turn              (no ring)
MPRegen  0.10/turn              (no ring)

@: no status effects
A: talons 1, fire resistance 1, spiny 1
a: Renounce Religion


You were on level 5 of the Dungeon.
You worshipped Okawaru.
Okawaru was noncommittal.
You were not hungry.

You visited 2 branches of the dungeon, and saw 6 of its levels.
You also visited: Sewer.

You collected 216 gold pieces.

Inventory:

Hand Weapons
 a - a +1 rapier (weapon)
 o - a +0 dagger
Missiles
 h - 111 stones (quivered)
 i - 12 javelins
 m - 113 arrows
 t - a throwing net
Armour
 b - a +0 scale mail (worn)
 c - a +1 kite shield (worn)
 p - a +0 pair of boots (worn)
Jewellery
 w - an amulet of regeneration (around neck)
 x - an uncursed ring of protection from fire {unknown}
Scrolls
 e - 2 scrolls of fear {unknown}
 g - a scroll of enchant armour
 l - 2 scrolls of teleportation
 n - a scroll of remove curse
 r - a scroll of blinking {unknown}
 s - 2 scrolls of magic mapping
 v - 4 scrolls of identify
Potions
 d - a potion of might
 j - a potion of stabbing
 k - a potion of mutation {unknown}
 q - a potion of heal wounds {unknown}
 u - 2 potions of curing {unknown}
 z - a potion of cancellation {unknown}
 B - a potion of haste {unknown}
Comestibles
 f - 11 rations
 A - 12 chunks of flesh


   Skills:
 + Level 4.4 Fighting
 * Level 4.5 Short Blades
 - Level 3.0 Armour
 * Level 5.1 Shields


You had 6 spell levels left.
You didn't know any spells.
Your spell library was empty.

Dungeon Overview and Level Annotations

Branches:
Dungeon (4/15)             Temple (1/1) D:4           Sewer (visited)

Altars:
Ashenzari
Cheibriados
Elyvilon
Gozag
Hepliaklqana
Kikubaaqudgha
Makhleb
Nemelex Xobeh
Okawaru
Ru
Trog
Uskayaw
Wu Jian
Xom
Yredelemnul
Zin


Innate Abilities, Weirdness & Mutations

You have sharp toenails.
Your flesh is heat resistant. (rF+)
You are partially covered in sharp spines.


Message History

The adder is struck by your spines.
You kill the adder!
Okawaru accepts your kill.
The ogre hits you with a +0 giant club!!
You puncture the ogre!
The ogre is moderately wounded.
You barely miss the ogre.
The ogre is moderately wounded.
The ogre is struck by your spines.
The ogre hits you with a +0 giant club!!
* * * LOW HITPOINT WARNING * * *
You are too injured to fight recklessly!
You barely miss the ogre.
The ogre is heavily wounded.
The ogre is struck by your spines. The ogre barely misses you.
You hit the ogre.
The ogre is severely wounded.
The ogre is struck by your spines.
The ogre hits you with a +0 giant club!!
You die...

....... .......
.......
[......####
..........#######
#รท.........
#..##..#... ##.#
..# #@# ..
#O##.##...
#.......o#
.......#.##..##
.......#.#
.......#..
....$..#..#
..........#
####.......


You could see an ogre.

Vanquished Creatures
  A phantom (D:3)
  An ogre (D:4)
  A crocodile (Sewer)
  An orc priest (D:4)
  2 orc wizards (D:4)
  3 worker ants (D:4)
  A gnoll (D:1)
  5 adders
  A shadow imp (D:4)
  An ooze (D:2)
  A worm (D:2)
  3 leopard geckos
  7 orcs
  A ball python (D:2)
  12 bats
  7 giant cockroaches
  9 goblins
  12 hobgoblins
  9 jackals
  12 kobolds
  2 quokkas (D:5)
  3 frilled lizards
  5 rats
100 creatures vanquished.

Notes
Turn   | Place    | Note
-------+----------+-------------------------------------------
     0 | D:1      | wullow the Demonspawn Fighter began the quest for the Orb.
     0 | D:1      | Reached XP level 1. HP: 18/18 MP: 1/1
   125 | D:1      | Gained mutation: You are partially covered in sharp spines.
                  | [demonic ancestry]
   125 | D:1      | Reached XP level 2. HP: 24/24 MP: 2/2
   216 | D:1      | Reached skill level 3 in Shields
   687 | D:1      | Gained mutation: You have sharp toenails. [demonic
                  | ancestry]
   687 | D:1      | Reached XP level 3. HP: 21/29 MP: 3/3
  1386 | D:2      | Reached XP level 4. HP: 34/35 MP: 4/4
  1410 | D:2      | Found an ancient bone altar of Kikubaaqudgha.
  1413 | D:2      | Found an ornate altar of the Wu Jian Council.
  1442 | D:2      | Noticed an angel
  1443 | D:2      | Found a glowing silver altar of Zin.
  1658 | D:3      | Noticed a phantom
  1670 | D:3      | Found a glowing drain.
  1694 | D:3      | Killed a phantom
  1694 | D:3      | Reached skill level 4 in Shields
  1694 | D:3      | Reached XP level 5. HP: 34/42 MP: 5/5
  1715 | Sewer    | Entered a sewer
  1874 | Sewer    | Noticed a crocodile
  1884 | Sewer    | Killed a crocodile
  1884 | Sewer    | Gained mutation: Your flesh is heat resistant. (rF+)
                  | [demonic ancestry]
  1884 | Sewer    | Reached XP level 6. HP: 31/48 MP: 6/6
  2741 | D:4      | Found a staircase to the Ecumenical Temple.
  2750 | Temple   | Entered the Ecumenical Temple
  2901 | Temple   | Became a worshipper of Warmaster Okawaru
  2936 | D:4      | Found a sand-covered staircase.
  3193 | D:4      | Reached skill level 5 in Shields
  3193 | D:4      | Reached XP level 7. HP: 44/55 MP: 7/7
  3214 | D:4      | You fall into a shaft and drop 1 floor!
  3214 | D:5      | Entered Level 5 of the Dungeon
  3243 | D:5      | Mangled by an ogre

Levels and vault maps discovered:
D:1:      dpeg_arrival_tiny_b, layout_rooms
D:2:      layout_rooms, minitemple, zin_angel, supply_closet_lemuel,
          solitary_fountain, serial_bayou_pond_e, kennysheep_generic_room_7
D:3:      layout_loops_cross, gup_sewer_entry_glass
D:4:      cheibrodos_barr_body, layout_basic,
          minmay_temple_entry_drinking_statues, nicolae_ossuary_entry_monument,
          first_ration
D:5:      layout_rooms, led_xom_imps
Temple:   hc_temple_tempest_star

Skill      XL: |  1  2  3  4  5  6 |
---------------+-------------------+-----
Short Blades   | 2 3 4 |  4.5
Shields        | 3 4 5 |  5.1
Armour         | 3 |  3.0
Fighting       | 4 |  4.4

Action                   |  1- 3 |  4- 6 |  7- 9 || total
-------------------------+-------+-------+-------++-------
Melee: Rapier            |    95 |   126 |    11 ||   232
       Kick              |     8 |    11 |       ||    19
Throw: Stone             |       |     1 |       ||     1
  Use: Scroll            |       |     9 |       ||     9
       Potion            |       |     1 |       ||     1
  Eat: Chunk             |     2 |     5 |     1 ||     8
Armor: Scale mail        |    38 |    35 |       ||    73
Dodge: Dodged            |    19 |    32 |     3 ||    54
Block: Kite shield       |    52 |    56 |     3 ||   111

Table legend:
 A = Non-vault XP
 B = Vault XP
 C = Vault XP percentage of total XP
 D = Non-vault monster count
 E = Vault monster count
 F = Vault count percentage of total count
                 A         B        C        D         E       F
            +---------+---------+-------+---------+---------+-------
      Total |     567 |     262 |  31.6 |      85 |      15 |  15.0
            +---------+---------+-------+---------+---------+-------
        D:1 |      55 |       0 |   0.0 |      23 |       0 |   0.0
        D:2 |      47 |       3 |   6.0 |      21 |       2 |   8.7
        D:3 |     206 |      31 |  13.1 |      31 |       4 |  11.4
        D:4 |     238 |     109 |  31.4 |       6 |       3 |  33.3
        D:5 |      21 |       0 |   0.0 |       4 |       0 |   0.0
      Sewer |       0 |     119 | 100.0 |       0 |       6 | 100.0
            +---------+---------+-------+---------+---------+-------
